 Dungeon Crawl Stone Soup version 0.19-a0-75-g99403da (webtiles) character file.

2 Duffy the Sneak (level 1, 0/15 HPs)
             Began as a Naga Wizard on May 10, 2016.
             Slain by a giant gecko (3 damage)
             ... on level 1 of the Dungeon.
             The game lasted 00:00:31 (105 turns).

Duffy the Sneak (Naga Wizard)                        Turns: 105, Time: 00:00:32

Health: 0/15       AC:  1    Str:  9    XL:     1   Next: 40%
Magic:  0/4        EV:  9    Int: 18    God:
Gold:   0          SH:  0    Dex:  9    Spells: 1 memorised, 5 levels left

rFire  . . .     SeeInvis +     (no weapon)
rCold  . . .     Gourm    .     a - +0 robe
rNeg   . . .     Faith    .     (no shield)
rPois  +         Spirit   .     b - +0 hat
rElec  .         Dismiss  .     (no cloak)
rCorr  .         Reflect  .     (no gloves)
SustAt .         Harm     .     (no barding)
MR     .....                    (no amulet)
Stlth  ++........               (no ring)
                                (no ring)

@: very slightly contaminated, very slow, not resistant to hostile enchantments,
unstealthy
A: see invisible, deformed body, poison resistance, slowness 2, slow metabolism
1, spit poison 2, AC +0
a: Spit Poison


You were on level 1 of the Dungeon.
You were not hungry.

You visited 1 branch of the dungeon, and saw 1 of its levels.


Innate Abilities, Weirdness & Mutations

You cannot wear boots.
Your serpentine skin is tough (AC +0).
You have supernaturally acute eyesight.
Armour fits poorly on your strangely shaped body.
Your system is resistant to poisons.
You cover ground very slowly.
You have a slow metabolism.
You can spit poison.


   Skills:
 - Level 1.5 Dodging
 - Level 3.0 Stealth
 - Level 3.0 Spellcasting
 + Level 1.4 Conjurations
   Level 1.0 Summonings
   Level 1.0 Translocations


You had 5 spell levels left.
You knew the following spells:

 Your Spells              Type           Power        Failure   Level  Hunger
a - Magic Dart            Conj           #...         12%         1    None

Inventory:

Armour
 a - a +0 robe (worn)
 b - a +0 hat (worn)
Scrolls
 f - a scroll of magic mapping {unknown}
Potions
 e - a potion of beneficial mutation {unknown}
 g - a potion of heal wounds {unknown}
Books
 c - a book of Minor Magic
Comestibles
 d - a bread ration

Dungeon Overview and Level Annotations

Branches:
Dungeon (1/15)

Altars:


Message History

Aim: a giant gecko (clinging, hasn't noticed you)
The splash of poison misses the giant gecko.
You feel slightly more hungry.
The giant gecko moves out of view.
Cast which spell? (? or * to list)
Aiming: Magic Dart
Press: ? - help, Shift-Dir - straight line, f/p - giant gecko
Aim: a giant gecko (clinging, hasn't noticed you)
The magic dart hits the giant gecko.
The giant gecko is lightly wounded.
Cast which spell? (? or * to list)
Aiming: Magic Dart
Press: ? - help, Shift-Dir - straight line, f/p - giant gecko
Aim: a giant gecko (lightly wounded, clinging)
You miscast Magic Dart.
You are very lightly contaminated with residual magic.
Nothing appears to happen.
Use which ability? (? or * to list)
Okay, then.
Cast which spell? (? or * to list)
Aiming: Magic Dart
Press: ? - help, Shift-Dir - straight line, f/p - giant gecko
Aim: a giant gecko (lightly wounded, clinging)
The magic dart hits the giant gecko.
The giant gecko is severely wounded.
You have got your breath back.
Use which ability? (? or * to list)
Press: ? - help, Shift-Dir - straight line, f/p - giant gecko
Aim: a giant gecko (severely wounded, clinging)
The splash of poison hits the giant gecko.
The giant gecko appears unharmed.
The giant gecko is severely wounded.
You feel slightly more hungry.
Cast which spell? (? or * to list)
Aiming: Magic Dart
Press: ? - help, Shift-Dir - straight line, f/p - giant gecko
Aim: a giant gecko (severely wounded, clinging)
The magic dart hits the giant gecko.
The giant gecko is severely wounded.
The giant gecko bites you.
You have got your breath back.
The giant gecko bites you.
Use which ability? (? or * to list)
Press: ? - help, Shift-Dir - straight line, f/p - giant gecko
Aim: a giant gecko (severely wounded)
The splash of poison misses the giant gecko.
You feel slightly more hungry. The giant gecko bites you.
The giant gecko bites you.
You have got your breath back.
The giant gecko bites you.
You die...

####### #.....#
#.....#
######.....#
+$.........+
#.........#
#....@#
#..).l####
+.....+..
#....%#.#
#.....#.####.##
#..............
######..#####.#
#..# #.#
#..#####.#


You could see a giant gecko.

Action                   || total
-------------------------++-------
 Cast: Magic Dart        ||     5
 Abil: Spit Poison       ||     5

Notes
Turn   | Place    | Note
--------------------------------------------------------------
     0 | D:1      | Duffy the Naga Wizard began the quest for the Orb.
     0 | D:1      | Reached XP level 1. HP: 15/15 MP: 4/4
   105 | D:1      | Slain by a giant gecko

Vault maps used:
D:1:      dpeg_arrival_rooms_c

Vanquished Creatures
  A hobgoblin
  A bat
  A rat
3 creatures vanquished.
